 Dungeon Crawl Stone Soup version 0.22.1-1-ga44c0e56f4 (webtiles) character file.

128135 OdinFK the Peltast (level 16, 0/149 HPs)
             Began as a Minotaur Berserker on Sept 22, 2018.
             Was a High Priest of Trog.
             Succumbed to Arachne's poison arrow
             ... on level 3 of the Spider Nest on Sept 23, 2018.
             The game lasted 02:22:05 (26838 turns).

OdinFK the Peltast (Minotaur Berserker)            Turns: 26838, Time: 02:22:07

Health: 0/149      AC: 25    Str: 34    XL:     16   Next: 47%
Magic:  6/6        EV: 10    Int:  4    God:    Trog [*****.]
Gold:   2014       SH: 18    Dex: 11    Spells: 15/15 levels left

rFire    . . .     SeeInvis .   F - +14 demon blade of Trog's Benevolence {venom, rN++ MP-9 Str+6}
rCold    + . .     Gourm    .   Z - +2 shield {reflect}
rNeg     + + +     Faith    .   j - +1 plate armour
rPois    +         Spirit   .   (helmet restricted)
rElec    .         Reflect  +   L - +0 cloak
rCorr    .         Harm     .   R - +0 pair of gloves
MR       ++++.                  P - +2 pair of boots {Fly}
Stlth    ..........             (no amulet)
HPRegen  1.34/turn              u - ring of Gale {rPois rC+ rN+}
MPRegen  0.10/turn              p - ring of protection from magic

@: lethally poisoned (0 -> -55), berserk cooldown, flying, regenerating, slowed,
very slow
A: retaliatory headbutt, horns 2, blurry vision 1
a: Berserk, Trog's Hand, Brothers in Arms, Renounce Religion, Stop Flying


You were on level 3 of the Spider Nest.
You worshipped Trog.
Trog was extremely pleased with you.
You were near starving.

You visited 4 branches of the dungeon, and saw 26 of its levels.
You also visited: Ice Cave and Volcano.

You collected 2872 gold pieces.
You spent 858 gold pieces at shops.

Inventory:

Hand Weapons
 r - a +3 antimagic dagger
 t - a +0 rapier of venom
 y - a cursed -3 scimitar
 E - a +2 long sword of holy wrath
 F - the +14 demon blade of Trog's Benevolence (weapon) {venom, rN++ MP-9 Str+6}
   (Trog gifted it to you on level 15 of the Dungeon)

   It poisons the flesh of those it strikes.
   It affects your strength (+6).
   It greatly protects you from negative energy.
   It affects your magic capacity (-9).
 N - a +1 scimitar of flaming
 U - a +3 antimagic rapier
Armour
 j - a +1 plate armour (worn)
 L - a +0 cloak (worn)
 P - a +2 pair of boots of flying (worn)
 R - a +0 pair of gloves (worn)
 Z - a +2 shield of reflection (worn)
Jewellery
 i - an uncursed ring of protection from fire
 k - an uncursed ring of ice
 p - a ring of protection from magic (right hand)
 u - the ring of Gale (left hand) {rPois rC+ rN+}
   (You bought it in a shop on level 1 of the Orcish Mines)

   [ring of positive energy]

   It protects you from cold.
   It protects you from poison.
   It protects you from negative energy.
 w - an uncursed ring of resist corrosion
 A - an uncursed ring of positive energy
 X - an uncursed ring of see invisible
Wands
 G - a wand of disintegration (37)
 H - a wand of acid (13)
 V - a wand of digging (34)
Scrolls
 a - a scroll of summoning
 b - 5 scrolls of enchant armour
 d - a scroll of brand weapon
 e - 9 scrolls of identify
 h - 2 scrolls of magic mapping
 n - 10 scrolls of teleportation
 o - 13 scrolls of remove curse
 s - a scroll of fear
 x - 2 scrolls of fog
 C - 3 scrolls of amnesia {unknown}
 D - 6 scrolls of enchant weapon
 I - 3 scrolls of immolation {unknown}
 O - 5 scrolls of blinking
 S - 2 scrolls of holy word
Potions
 f - 8 potions of curing
 g - 4 potions of haste
 l - 9 potions of heal wounds
 m - 2 potions of cancellation
 q - a potion of berserk rage
 v - a potion of invisibility
 B - 4 potions of brilliance
 K - 4 potions of might
 M - 3 potions of agility {unknown}
 T - a potion of resistance
Comestibles
 c - 43 rations


   Skills:
 + Level 15.3 Fighting
 + Level 7.7(13.1) Short Blades
 + Level 17.6(18.1) Long Blades
 + Level 15.5 Armour
 + Level 3.9 Dodging
 + Level 18.6 Shields


You had 15 spell levels left.
You didn't know any spells.
Your spell library was empty.

Dungeon Overview and Level Annotations

Branches:
Dungeon (15/15)            Temple (0/1) D:6            Lair (6/6) D:8
  Swamp (0/4) Lair:2       Spider (3/4) Lair:4        Slime (0/5) Lair:5
    Orc (2/2) D:10            Elf (0/3) Orc:2        Vaults (0/5) D:14
 Depths (0/5) D:15

Altars:
Dithmenos
Elyvilon
Gozag
Kikubaaqudgha
Nemelex Xobeh
Ru
Trog
Wu Jian
Xom

Shops:
D:6 ?:%}   D:10 (   D:12 *   D:13 !   Orc:1 =   Orc:2 (*?!

Annotations:
D:9 1 runed door
D:10 1 runed door
Spider:3 Arachne


Innate Abilities, Weirdness & Mutations

You reflexively headbutt those who attack you in melee.
You have a pair of horns on your head.
Scrolls take you a little longer to read.


Message History

Really read with blurry vision while enemies are nearby?
* * * LOW HITPOINT WARNING * * *
You feel very sick. You block the wolf spider's attack. x2
Arachne stares at you and mumbles some strange words.
The poison arrow hits you!
You are more poisoned.
You partially resist.
* * * LOW HITPOINT WARNING * * *
The tarantella closely misses you.
You riposte.
You hit the tarantella.
The tarantella is poisoned.
The tarantella is moderately wounded.
The tarantella bites you!
* * * LOW HITPOINT WARNING * * *
The redback bites you but does no damage.
The redback bites you.
* * * LOW HITPOINT WARNING * * *
You block the redback's attack.
You begin reading the scroll.
You continue reading the scroll.
You die...

.....................
#................^......
........................
.......?................
......#..^..).^..#......
.............††.........
.......s.s..............
^.....ssss..^..........#
..#..s@sss.)..........†
......H†ss.........#....
#..:.......#...>.#s..........^...
..............#..................
...........................#.#...
.......#................#........
...........#..#.......#..........
..#.....................#........
#^..†.............#...#..........


You could see Arachne, a wolf spider, 5 tarantellas and 7 redbacks.

Vanquished Creatures
  Frances (D:13)
  Kirke (D:13)
  An emperor scorpion (Spider:1)
  A ghost moth (Spider:1)
  An entropy weaver (Spider:3)
  Snorg (D:11)
  An ettin (D:15)
  6 hydras
  4 catoblepae
  Harold (Lair:1)
  4 vault guards (D:14)
  3 centaur warriors
  7 two-headed ogres
  10 death yaks
  3 orc high priests (Orc:2)
  5 tengu warriors
  Nergalle (Lair:2)
  A deep troll (D:14)
  Pikel (D:6)
  A deep elf archer (D:15)
  The ghost of Eralyen the Cleaver, a novice HOMo of Beogh (D:5)
  5 orb spiders
  4 orc sorcerers (Orc:2)
  12 wolf spiders
  2 cyclopes
  An oklob plant (Lair:4)
  2 deep elf magi
  8 ugly things
  10 elephants (Lair:6)
  7 orc knights
  3 black mambas
  A moth of wrath (Spider:2)
  A torpor snail (Lair:3)
  5 manticores
  7 gargoyles
  3 ice statues (IceCv)
  An efreet (Volcano)
  10 spiny frogs
  A rime drake (Lair:6)
  10 demonic crawlers
  8 kobold demonologists
  10 komodo dragons
  A freezing wraith (D:14)
  3 tengu conjurers
  7 polar bears
  A queen bee (D:13)
  7 trolls
  6 meliai
  21 jumping spiders
  4 hornets
  A hippogriff (shapeshifter) (D:15)
  4 dream sheep (Lair:3)
  5 blink frogs (Lair:6)
  12 hippogriffs
  42 redbacks
  16 tarantellas
  Sigmund (D:6)
  3 wyverns
  A wraith (D:11)
  A centaur simulacrum (D:14)
  A shadow (D:13)
  2 basilisks
  44 yaks
  5 hungry ghosts
  A golden eye (shapeshifter) (D:14)
  2 hogs (D:13)
  6 vampire mosquitoes
  2 fire elementals (Volcano)
  A steam dragon (D:12)
  2 acid dragons
  13 water moccasins
  Duvessa (D:5)
  4 sky beasts
  7 porcupines
  14 ice beasts
  27 orc warriors
  5 phantoms
  2 eyes of draining (D:14)
  4 black bears
  5 boggarts (D:15)
  2 necrophages
  8 wolves
  6 centaurs
  13 ogres
  8 crocodiles
  6 big kobolds
  Blork the orc (D:6)
  17 bullfrogs
  Dowan (D:5)
  A wyvern skeleton (D:7)
  3 scorpions
  25 killer bees
  10 wights
  12 howler monkeys
  4 centaur zombies
  7 crimson imps
  A bullfrog zombie (D:8)
  3 quasits
  7 hounds
  17 jellies
  Crazy Yiuf (D:7)
  4 centaur skeletons
  22 orc priests
  A bullfrog skeleton (D:9)
  An iguana (D:11)
  23 orc wizards
  9 worker ants
  A hound skeleton (D:6)
  19 adders
  7 gnolls
  3 shadow imps
  An adder zombie (D:6)
  3 adder skeletons
  A dart slug (D:2)
  9 leopard geckos
  76 orcs
  5 giant cockroaches
  5 goblins
  11 hobgoblins
  9 jackals
  5 quokkas
  3 ball pythons
  5 bats
  5 frilled lizards
  20 kobolds
  A leopard gecko skeleton (D:5)
  A quokka skeleton (D:10)
  8 rats
  A plant (Lair:4)
862 creatures vanquished.

Vanquished Creatures (others)
  Sonja (Orc:1)
  A cyclops (Orc:2)
  A yaktaur (D:15)
  3 slaves (D:6)
  3 centaurs
  An ogre (Orc:1)
  An orc priest (D:6)
  An iguana (D:8)
  3 orcs (D:6)
  A jackal (D:6)
  A quokka (D:9)
  2 kobolds (D:12)
  6 fungi
  3 plants (Lair:6)
28 creatures vanquished.

Grand Total: 890 creatures vanquished

Notes
Turn   | Place    | Note
-------+----------+-------------------------------------------
     0 | D:1      | OdinFK the Minotaur Berserker began the quest for the Orb.
     0 | D:1      | Reached XP level 1. HP: 19/19 MP: 0/0
   125 | D:1      | Reached XP level 2. HP: 20/27 MP: 1/1
   159 | D:1      | Found a sparkling altar of Nemelex Xobeh.
   769 | D:2      | Reached XP level 3. HP: 33/33 MP: 2/2
   830 | D:2      | Found an ancient bone altar of Kikubaaqudgha.
   870 | D:2      | Reached ** piety under Trog
  1276 | D:3      | Reached XP level 4. HP: 38/41 MP: 3/3
  1289 | D:3      | Found a faded altar of an unknown god.
  1313 | D:3      | Reached skill level 5 in Long Blades
  1908 | D:4      | Reached *** piety under Trog
  1916 | D:4      | Reached XP level 5. HP: 28/47 MP: 4/4
  2270 | D:4      | Reached skill level 5 in Fighting
  2423 | D:4      | Found a shadowy altar of Dithmenos.
  2506 | D:4      | Reached XP level 6. HP: 49/56 MP: 5/5
  2736 | D:5      | Entered Level 5 of the Dungeon
  2869 | D:5      | Found a runed gate.
  2869 | D:5      | Found a runed gate.
  2869 | D:5      | Found a runed gate.
  2870 | D:5      | Noticed Eralyen's ghost (novice HOMo)
  3031 | D:5      | Reached XP level 7. HP: 45/61 MP: 6/6
  3109 | D:5      | Reached skill level 5 in Armour
  3138 | D:5      | Found an ornate altar of the Wu Jian Council.
  3452 | D:5      | Noticed Duvessa
  3452 | D:5      | Noticed Dowan
  3456 | D:5      | Killed Duvessa
  3457 | D:5      | Killed Dowan
  3624 | D:5      | Reached XP level 8. HP: 60/70 MP: 7/7
  3858 | D:6      | Reached **** piety under Trog
  3867 | D:6      | Noticed Pikel
  3868 | D:6      | Noticed Sigmund
  3878 | D:6      | Killed Pikel
  3878 | D:6      | Reached skill level 10 in Long Blades
  3886 | D:6      | Killed Sigmund
  4128 | D:6      | Reached XP level 9. HP: 78/78 MP: 8/8
  4183 | D:6      | Found a staircase to the Ecumenical Temple.
  4266 | D:6      | Found Deheh's Magic Scroll Shop.
  4268 | D:6      | Noticed Blork the orc
  4274 | D:6      | Killed Blork the orc
  4278 | D:6      | Bought a scroll of magic mapping for 52 gold pieces
  4324 | D:6      | Found Ituceo's Food Shop.
  4326 | D:6      | Found Uniohip's Book Emporium.
  4347 | D:6      | Found a white marble altar of Elyvilon.
  4351 | D:6      | Found Heiqum's Gadget Shop.
  4447 | D:6      | Found a sacrificial altar of Ru.
  4772 | D:7      | Found a runed door.
  5311 | D:5      | Killed Eralyen's ghost
  5311 | D:5      | Reached XP level 10. HP: 88/88 MP: 9/9
  5489 | D:8      | Reached ***** piety under Trog
  5714 | D:8      | Found a staircase to the Lair.
  6085 | D:7      | Noticed Crazy Yiuf
  6090 | D:7      | Killed Crazy Yiuf
  6159 | D:9      | Reached skill level 1 in Shields
  6164 | D:9      | Reached skill level 1 in Short Blades
  6208 | D:9      | Noticed a two-headed ogre
  6383 | D:9      | Killed a two-headed ogre
  6383 | D:9      | Reached skill level 2 in Shields
  6391 | D:9      | Found an opulent altar of Gozag.
  6434 | D:9      | Reached skill level 3 in Shields
  6498 | D:9      | Found a shimmering altar of Xom.
  6575 | D:9      | Found an ornate altar of the Wu Jian Council.
  6639 | D:9      | Found a runed door.
  6639 | D:9      | Noticed a fire crab
  6639 | D:9      | Noticed a stone giant
  6639 | D:9      | Noticed an eight-headed hydra
  6641 | D:9      | Noticed a fire giant
  6641 | D:9      | Noticed an ice dragon
  6641 | D:9      | Noticed a great orb of eyes
  6701 | D:9      | Found a white marble altar of Elyvilon.
  6752 | Lair:1   | Entered Level 1 of the Lair of Beasts
  6758 | Lair:1   | Noticed an eight-headed hydra
  6804 | D:10     | Entered Level 10 of the Dungeon
  6881 | D:10     | Received a gift from Trog
  6902 | D:10     | Found Ickeuth's Weapon Boutique.
  6918 | D:10     | Reached XP level 11. HP: 75/97 MP: 10/10
  7062 | D:10     | Reached skill level 4 in Shields
  7172 | D:10     | Noticed a two-headed ogre
  7184 | D:10     | Killed a two-headed ogre
  7184 | D:10     | Reached skill level 5 in Short Blades
  7510 | D:10     | Found a staircase to the Orcish Mines.
  7570 | D:10     | Found a runed door.
  7740 | Orc:1    | Entered Level 1 of the Orcish Mines
  7877 | Orc:1    | Noticed Sonja
  7885 | Orc:1    | Found Ipnoneiph's Jewellery Boutique.
  8073 | Orc:1    | Bought the ring of Gale {rPois rC+ rN+} for 496 gold pieces
  8101 | Orc:1    | Found a bloodstained altar of Trog.
  8263 | Orc:1    | Killed Sonja
  8395 | Orc:2    | Entered Level 2 of the Orcish Mines
  8569 | Orc:2    | Found a staircase to the Elven Halls.
  8582 | Orc:2    | Reached skill level 5 in Shields
  8584 | Orc:2    | Reached skill level 10 in Armour
  8666 | Orc:2    | Noticed a two-headed ogre
  8682 | Orc:2    | Killed a two-headed ogre
  8925 | Orc:2    | Reached skill level 6 in Shields
  8938 | Orc:2    | Noticed an orc knight
  8960 | Orc:2    | Killed an orc knight
  8960 | Orc:2    | Reached skill level 10 in Fighting
  9268 | Orc:2    | Noticed an orc sorcerer
  9275 | Orc:2    | Noticed an orc high priest
  9276 | Orc:2    | Noticed an orc sorcerer
  9276 | Orc:2    | Noticed an orc knight
  9343 | Orc:1    | Killed an orc knight
  9501 | Orc:1    | Noticed an orc knight
  9514 | Orc:1    | Killed an orc knight
  9514 | Orc:1    | Reached skill level 7 in Shields
  9675 | Orc:2    | Killed an orc high priest
  9687 | Orc:2    | Killed an orc sorcerer
  9812 | Orc:2    | Noticed a two-headed ogre
  9827 | Orc:2    | Killed a two-headed ogre
  9827 | Orc:2    | Reached XP level 12. HP: 53/108 MP: 11/11
 10482 | Orc:2    | Reached skill level 8 in Shields
 10780 | Orc:2    | Noticed an orc high priest
 10792 | Orc:2    | Killed an orc high priest
 10818 | Orc:2    | Gained mutation: Scrolls take you a little longer to read.
                  | [a neqoxec]
 11017 | Orc:2    | Noticed an orc high priest
 11019 | Orc:2    | Found Dainnapath's Distillery.
 11022 | Orc:2    | Killed an orc high priest
 11069 | Orc:2    | Found Ceygif's Magic Scroll Shop.
 11072 | Orc:2    | Reached skill level 9 in Shields
 11089 | Orc:2    | Found Xousiw's Assorted Antiques.
 11091 | Orc:2    | Found Resanots's Antique Weapon Shoppe.
 11121 | Orc:2    | Bought a scroll of blinking for 120 gold pieces
 11121 | Orc:2    | Bought a scroll of enchant weapon for 120 gold pieces
 11123 | Orc:2    | Bought a potion of heal wounds for 70 gold pieces
 11230 | Orc:2    | Received a gift from Trog
 11634 | D:11     | Found a frozen archway.
 11656 | IceCv    | Entered an ice cave
 11697 | IceCv    | Reached skill level 10 in Shields
 12797 | D:12     | Found Wuazicsi's General Store.
 12825 | D:12     | Noticed Snorg
 12830 | D:12     | Reached skill level 11 in Shields
 12857 | D:11     | Killed Snorg
 12980 | D:12     | Reached skill level 15 in Long Blades
 13504 | D:12     | Reached XP level 13. HP: 100/117 MP: 12/12
 14175 | D:13     | Reached skill level 12 in Shields
 14241 | D:13     | Noticed Kirke
 14275 | D:13     | Killed Kirke
 14399 | D:13     | Found Makoumm's Distillery.
 14562 | D:13     | Noticed Frances
 14590 | D:13     | Killed Frances
 14728 | D:13     | Reached skill level 13 in Shields
 15236 | D:13     | Received a gift from Trog
 15520 | D:14     | Got a bloodstained ring mail
 15722 | D:14     | Found a gate to the Vaults.
 15756 | D:14     | Reached skill level 14 in Shields
 16075 | D:14     | Reached XP level 14. HP: 111/127 MP: 13/13
 17391 | D:15     | Entered Level 15 of the Dungeon
 17404 | D:15     | Reached skill level 15 in Shields
 17600 | D:15     | Found a staircase to the Depths.
 17616 | D:15     | Reached ****** piety under Trog
 17865 | D:15     | Received a gift from Trog
 17868 | D:15     | Got an ichor-stained demon blade {god gift}
 17869 | D:15     | Identified the +14 demon blade of Trog's Benevolence
                  | {venom, rN++ MP-9 Str+6} (Trog gifted it to you on level 15
                  | of the Dungeon)
 17971 | D:15     | Got a warped leather armour
 18215 | D:15     | Reached skill level 16 in Shields
 18447 | D:15     | Identified the +4 ring mail of the Two of Pentacles {rF-
                  | rCorr Dex+2} (You found it on level 14 of the Dungeon)
 18457 | D:15     | Identified the +3 leather armour of Polish {Str+2} (You
                  | found it on level 15 of the Dungeon)
 19058 | Lair:1   | Noticed Harold
 19073 | Lair:1   | Killed Harold
 19482 | Lair:2   | Found a staircase to the Swamp.
 19516 | Lair:2   | Noticed Nergalle
 19527 | Lair:2   | Killed Nergalle
 19611 | Lair:2   | Received a gift from Trog
 20142 | Lair:3   | Reached XP level 15. HP: 136/136 MP: 5/14
 20678 | Lair:4   | Found a dark tunnel.
 20689 | Volcano  | Entered a volcano
 21134 | Lair:4   | Found a hole to the Spider Nest.
 22410 | Lair:5   | Found a staircase to the Slime Pits.
 22908 | Lair:6   | Entered Level 6 of the Lair of Beasts
 22916 | Lair:6   | Reached skill level 17 in Shields
 24097 | Lair:6   | Received a gift from Trog
 24508 | Spider:1 | Entered Level 1 of the Spider Nest
 24824 | Spider:1 | Reached skill level 15 in Armour
 24975 | Spider:1 | Reached XP level 16. HP: 147/147 MP: 6/15
 25046 | Spider:1 | Reached skill level 18 in Shields
 25556 | Spider:2 | Reached skill level 15 in Fighting
 26233 | Spider:2 | Got a faintly humming plate armour
 26244 | Spider:2 | Identified the cursed +0 plate armour of the Shining Light
                  | {*Slow Str+4 Int+3} (You found it on level 2 of the Spider
                  | Nest)
 26751 | Spider:3 | Received a gift from Trog
 26819 | Spider:3 | Noticed Arachne
 26838 | Spider:3 | Succumbed to Arachne's poison arrow

Skill      XL: |  1  2  3  4  5  6  7  8  9 10 11 12 13 14 15 16 |
---------------+-------------------------------------------------+-----
Fighting       | 4 5 6 8 9 10 11 12 13 14 15 | 15.3
Long Blades    | 4 5 6 7 9 11 13 14 15 16 17 | 17.6
Armour         | 3 4 5 7 8 9 10 11 13 15 | 15.5
Shields        | 3 7 11 14 16 17 18 | 18.6
Dodging        | 3 |  3.9
Short Blades   | 4 6 7 |  7.7

Action                   |  1- 3 |  4- 6 |  7- 9 | 10-12 | 13-15 | 16-18 || total
-------------------------+-------+-------+-------+-------+-------+-------++-------
Melee: Falchion          |    74 |       |       |   248 |   645 |       ||   967
       Headbutt          |    10 |    18 |    41 |   222 |   351 |    53 ||   695
       Great sword       |     2 |   120 |   224 |    83 |       |       ||   429
       Rapier            |       |       |       |   323 |    28 |       ||   351
       Long sword        |       |       |       |   262 |       |       ||   262
       Dagger            |       |       |       |    48 |       |       ||    48
       Demon blade       |       |       |       |       |   602 |   208 ||   810
       Scimitar          |       |       |       |       |     7 |       ||     7
Invok: Berserk           |       |     1 |     2 |    23 |    13 |     3 ||    42
       Trog's Hand       |       |       |     1 |     2 |     1 |     2 ||     6
       Brothers in Arms  |       |       |       |     1 |       |       ||     1
  Use: Scroll            |       |     5 |       |    10 |     9 |     6 ||    30
       Potion            |       |       |       |     2 |       |     1 ||     3
 Stab: Petrified         |       |       |       |       |     4 |       ||     4
       Petrifying        |       |       |       |       |     2 |       ||     2
  Eat: Chunk             |     1 |     7 |    10 |    35 |    40 |     4 ||    97
       Ration            |       |       |       |     5 |     3 |     1 ||     9
Armor: Ring mail         |     4 |       |       |       |       |       ||     4
       Plate armour      |    50 |    83 |   187 |   380 |   333 |   138 ||  1171
Dodge: Dodged            |    45 |    54 |    82 |   139 |   185 |    84 ||   589
Block: Large shield      |       |       |       |   655 |   704 |       ||  1359
       Shield            |       |       |       |     4 |   327 |   211 ||   542
       Reflection        |       |       |       |    21 |    52 |     1 ||    74
       Rpst.: Falchion   |    11 |       |       |     9 |    14 |       ||    34
       Great sword       |       |    12 |    19 |    13 |       |       ||    44
       Long sword        |       |       |       |     4 |       |       ||     4
       Demon blade       |       |       |       |       |    16 |    17 ||    33
